 Dungeon Sprint DCSS version 0.28-a0-724-g66f9036eb4 (webtiles) character file.

Game seed: 17612946372261278696

252 Conn the Arsonist (level 6, -2/55 (57) HPs)
             Began as an Octopode Fire Elementalist on Oct 27, 2021.
             Slain by a necrophage (3 damage)
             ... in the Dungeon (Sprint II: "The Violet Keep of Menkaure").
             The game lasted 00:00:38 (19 turns).

Conn the Arsonist (Octopode Fire Elementalist)        Turns: 19, Time: 00:00:51

HP:   -2/55 (57)    AC:  1    Str:  7    XL:     6   Next: 14%
MP:   4/14          EV: 14    Int: 20    God:
Gold: 0             SH:  0    Dex: 12    Spells: 14/15 levels left

rFire   . . .      SeeInvis .   (no weapon)
rCold   . . .      Faith    .   (no shield)
rNeg    . . .      Spirit   .   (helmet restricted)
rPois   .          Reflect  .   (no amulet)
rElec   .          Harm     .   (no ring)
rCorr   .          Rampage  .   (no ring)
Will    .....      NoTele   +   (no ring)
Stlth   ..........              (no ring)
HPRegen 0.18/turn               (no ring)
MPRegen 0.14/turn               (no ring)
                                (no ring)
                                (no ring)

@: berserking (expiring), hasted, lightly drained, very quick
A: almost no armour, amphibious, 8 rings, camouflage 1, gelatinous body 1,
(nimble swimmer 1), tentacles
a: no special abilities


You were in the Dungeon.
You visited 1 branch

Inventory:

Scrolls
 f - a scroll of blinking
Potions
 a - a potion of curing
 b - a potion of heal wounds
 d - 2 potions of magic


   Skills:
 + Level 1.3 Fighting
 + Level 4.7 Dodging
 + Level 5.8 Stealth
 + Level 5.3 Spellcasting
 + Level 1.8 Conjurations
 + Level 9.5 Fire Magic


You had 14 spell levels left.
You knew the following spells:

 Your Spells              Type           Power      Damage    Failure   Level
a - Foxfire               Conj/Fire      100%       2x1d9     1%          1

Your spell library contained the following spells:

 Spells                   Type           Power      Damage    Failure   Level
 Scorch                   Fire           86%        2d9       1%          2
 Conjure Flame            Conj/Fire      28%        6-21      3%          3
 Inner Flame              Hex/Fire       24%        N/A       4%          3
 Flame Wave               Conj/Fire      28%        3d7       11%         4


Dungeon Overview and Level Annotations

Branches:
Dungeon (1/1)

Altars:


Innate Abilities, Weirdness & Mutations

You cannot wear most types of armour.
You are amphibious.
You can wear up to eight rings at the same time.
Your skin changes colour to match your surroundings (Stealth+).
Your rubbery body absorbs attacks. (AC +1, EV +1)
((You are camouflaged near water. (Stealth+)))
You have tentacles for arms and can constrict up to eight enemies at once.


Message History

The necrophage is severely damaged.
You constrict the necrophage, but do no damage.
You bludgeon the necrophage!
You destroy the necrophage!
Your life force feels restored.
Your Fighting skill increases to level 1!
Your Dodging skill increases to level 4!
Your Stealth skill increases to level 5!
Your Spellcasting skill increases to level 4!
Your Fire Magic skill gained 2 levels and is now at level 8!
You have reached level 5!
You feel clever.
You bludgeon the necrophage! Your grab misses the necrophage.
The necrophage is moderately damaged.
The necrophage hits you.
* * * LOW HITPOINT WARNING * * *
You feel drained.
* * * LOW HITPOINT WARNING * * *
Unknown command.
You tentacle-slap the necrophage. You grab the necrophage.
The necrophage is heavily damaged.
You constrict the necrophage. You bludgeon the necrophage!
You squeeze the necrophage.
You destroy the necrophage!
Your life force feels restored.
Your Spellcasting skill increases to level 5!
Your Fire Magic skill increases to level 9!
You have reached level 6!
Your experience leads to an increase in your attributes!
Increase (S)trength, (I)ntelligence, or (D)exterity?
You feel clever.
Unknown command.
You bludgeon the necrophage! You grab the necrophage.
You squeeze the necrophage!
The necrophage is severely damaged.
You constrict the necrophage, but do no damage.
The necrophage hits you.
* * * LOW HITPOINT WARNING * * *
You feel drained.
You die...

## ##
##.
.##
.. ..
.#.
#n#
##@##
+.<.+
##.##
#+#


You could see a necrophage.

Vanquished Creatures
  3 necrophages (D)
3 creatures vanquished.

Notes
Turn   | Place    | Note
-------+----------+-------------------------------------------
     0 | D        | Conn the Octopode Fire Elementalist began the quest for the
                  | Orb.
     0 | D        | Reached XP level 1. HP: 11/11 MP: 3/3
     1 | D        | Noticed a necrophage
     1 | D        | Noticed a necrophage
     1 | D        | Noticed a necrophage
     1 | D        | Noticed a necrophage
    11 | D        | Killed a necrophage
    12 | D        | Reached skill level 6 in Fire Magic
    12 | D        | Reached XP level 2. HP: 7/18 MP: 3/6
    12 | D        | Reached XP level 3. HP: 9/22 MP: 4/8
    12 | D        | Reached XP level 4. HP: 11/27 MP: 4/9
    15 | D        | Killed a necrophage
    16 | D        | Reached skill level 1 in Fighting
    16 | D        | Reached skill level 5 in Stealth
    16 | D        | Reached skill level 8 in Fire Magic
    16 | D        | Reached XP level 5. HP: 8/33 MP: 4/12
    18 | D        | Killed a necrophage
    19 | D        | Reached skill level 5 in Spellcasting
    19 | D        | Reached skill level 9 in Fire Magic
    19 | D        | Reached XP level 6. HP: 7/38 MP: 4/14
    19 | D        | HP: 1/57 [necrophage (6)]
    19 | D        | Slain by a necrophage

Illustrated notes

Levels and vault maps discovered:
D:        the_violet_keep_of_menkaure [sprint2_stairs_cluster_1,
          sprint2_shoproom, sprint2_temple, sprint2_basic_supplies,
          sprint2_obstacle_2, sprint2_obstacle_4, sprint2_obstacle_5,
          sprint2_obstacle_1, sprint2_obstacle_3, sprint2_timed_cluster_1,
          sprint2_smallroom_cluster_1, sprint2_smallroom_final_cluster_1,
          sprint2_transparent_cluster_1, sprint2_second_timed_cluster_1,
          sprint2_sniper_area_1, sprint2_heavy_combat_area_1,
          sprint2_mutation_trap_area_1, sprint2_forest_area_1,
          sprint2_light_combat_area_1, sprint2_behind_water_1,
          sprint2_near_end_vault_1]

Skill      XL: |  1  2  3  4  5 |
---------------+----------------+-----
Dodging        | 3 4 |  4.7
Stealth        | 4 5 |  5.8
Spellcasting   | 3 4 5 |  5.3
Fire Magic     | 6 8 9 |  9.5
Fighting       | 1 |  1.3
Conjurations   | |  1.8

Action                   |  1- 3 |  4- 6 || total
-------------------------+-------+-------++-------
Melee: Unarmed           |     8 |     8 ||    16
       Constrict         |     1 |     3 ||     4
       Tentacles         |       |     3 ||     3
  Use: Potion            |     2 |       ||     2
Dodge: Dodged            |     2 |       ||     2

Table legend: (Time is in decaauts)
 A = Elapsed time spent in this place.
 B = Non-inter-level travel time spent in this place.
 C = Inter-level travel time spent in this place.
 D = Time resting spent in this place.
 E = Time spent auto-exploring this place.
 F = Levels seen in this place.
 G = Mean time per level.
                   A        B        C        D        E       F      G
               +--------+--------+--------+--------+--------+-----+--------+
         Total |     13 |     13 |      0 |      0 |      0 |   1 |   13.0 |
       Dungeon |     13 |     13 |      0 |      0 |      0 |   1 |   13.0 |
               +--------+--------+--------+--------+--------+-----+--------+

Top non-repeatable levels by time:
       D: 13 daAuts
